 Dungeon Crawl Stone Soup version 0.29-a0-362-g5854e031c7 (webtiles) character file.

Game seed: 2372479997130917375

157 BritishOli the Skirmisher (level 5, 40/43 HPs)
             Began as a Demonspawn Monk on Apr 29, 2022.
             Got out of the dungeon alive.
             The game lasted 00:02:13 (2714 turns).

BritishOli the Skirmisher (Demonspawn Monk)         Turns: 2714, Time: 00:02:14

Health: 40/43      AC:  3    Str: 19    XL:     5   Next: 15%
Magic:  5/5        EV: 13    Int: 12    God:
Gold:   99         SH:  0    Dex: 15    Spells: 4/4 levels left

rFire   . . .      SeeInvis .   a - +0 falchion
rCold   . . .      Faith    .   (no shield)
rNeg    . . .      Spirit   .   b - +0 robe
rPois   .          Reflect  .   (helmet restricted)
rElec   .          Harm     .   (no cloak)
rCorr   .          Rampage  .   (no gloves)
Will    .....                   (no boots)
Stlth   ++........              (no amulet)
HPRegen 0.14/turn               f - +6 ring of strength
MPRegen 0.09/turn               (no ring)

@: no status effects
A: antennae 2, rugged brown scales 1, demonic magic 1
a: no special abilities


You escaped.
You visited 1 branch of the dungeon, and saw 2 of its levels.

You collected 99 gold pieces.

Inventory:

Hand Weapons
 a - a +0 falchion (weapon)
Armour
 b - a +0 robe (worn)
 i - a +0 helmet
Jewellery
 f - a +6 ring of strength (left hand)
Scrolls
 g - a scroll of noise {unknown}
 h - 2 scrolls of identify {unknown}
 j - a scroll of enchant armour {unknown}
Potions
 c - 2 potions of ambrosia
 d - a potion of degeneration {unknown}
 e - a potion of invisibility {unknown}
 k - a potion of attraction {unknown}


   Skills:
 * Level 4.0 Fighting
 * Level 3.7 Long Blades
 + Level 1.5 Armour
 + Level 3.2 Dodging
 - Level 2.0 Stealth


You had 4 spell levels left.
You didn't know any spells.
Your spell library was empty.

Dungeon Overview and Level Annotations

Branches:
Dungeon (2/15)

Altars:
Qazlal


Innate Abilities, Weirdness & Mutations

You have a pair of antennae on your head.
You are partially covered in rugged brown scales. (AC +1, +3% HP)
Spells you cast may paralyse adjacent enemies.


Message History

Natasha claws you!
Natasha is nearby!
You barely miss Natasha. Natasha misses you.
You hit Natasha.
Natasha is moderately wounded.
Natasha claws you.
You closely miss Natasha.
Natasha is moderately wounded.
Natasha closely misses you.
You miss Natasha.
Natasha is moderately wounded.
Natasha completely misses you. Natasha casts a spell at you.
You feel yourself slow down.
You slash Natasha!
Natasha is severely wounded.
Natasha claws you.
You hit Natasha.
You kill Natasha!
You feel Natasha's spirit has finally been put to rest.
Your Fighting skill increases to level 4!
You have reached level 5!
Your demonic ancestry asserts itself...
A menacing aura infuses your magic.
(D) Dungeon
Where to? (Enter - D:2, ? - help)
You see here a +0 short sword.
You feel yourself speed up.
There is a stone staircase leading up here.
You climb upwards.
There is a stone staircase leading down here.
(D) Dungeon
Where to? (Enter - D:1, ? - help)
Okay, then.
There are no items here.
There is a staircase leading out of the dungeon here.
Are you sure you want to leave the Dungeon?
This will make you lose the game!
Alright, then stay!
Are you sure you want to leave the Dungeon?
This will make you lose the game!
You have escaped!

......#
#.....##..############.#
...#..# ####.###...# #.#
..###.# #..####..# #.#
##.#..# #...# ##.# #.#
##.#.# #...###..# #)#
#.#.# #....#...# #.#
#.#.# ###..#..########
#.# #.#.#
##....#.##...#####.#
#.#.#
#..@.#.##.#.......#
#.#.#
##...##.##...#######
#.#.### ##..#.##.###.##
#....># #..##.##.###.#
#.....# #..#..#......#
#.....# ##.##..##.#####
#.....###..#..###.#
#............####.#
###.##.####.###.#.#


There were no monsters in sight!

Vanquished Creatures
  Jessica (D:2)
  Natasha (thrice) (D:2)
  An adder (D:2)
  A worm (D:2)
  2 dart slugs (D:2)
  3 ball pythons
  4 bats
  An endoplasm (D:2)
  A giant cockroach (D:2)
  5 goblins
  A hobgoblin (D:2)
  4 jackals (D:2)
  4 quokkas
  3 frilled lizards
  2 kobolds
  6 rats
42 creatures vanquished.

Notes
Turn   | Place    | Note
-------+----------+-------------------------------------------
     0 | D:1      | BritishOli the Demonspawn Monk began the quest for the Orb.
     0 | D:1      | Reached XP level 1. HP: 18/18 MP: 1/1
   414 | D:1      | Gained mutation: You are partially covered in rugged brown
                  | scales. (AC +1, +3% HP) [demonic ancestry]
   414 | D:1      | Reached XP level 2. HP: 17/24 MP: 2/2
  1125 | D:2      | Noticed Natasha
  1144 | D:2      | Killed Natasha
  1145 | D:2      | Reached skill level 1 in Armour
  1145 | D:2      | Gained mutation: You have a pair of small antennae on your
                  | head. [demonic ancestry]
  1145 | D:2      | Reached XP level 3. HP: 5/29 MP: 3/3
  1817 | D:2      | Found a stormy altar of Qazlal.
  1873 | D:2      | Gained mutation: You have a pair of antennae on your head.
                  | [demonic ancestry]
  1873 | D:2      | Reached XP level 4. HP: 32/37 MP: 4/4
  2015 | D:2      | Noticed Jessica
  2015 | D:2      | Noticed Natasha
  2026 | D:2      | Killed Natasha
  2037 | D:2      | Killed Jessica
  2610 | D:2      | Noticed Natasha
  2620 | D:2      | Killed Natasha
  2621 | D:2      | Reached skill level 4 in Fighting
  2621 | D:2      | Gained mutation: Spells you cast may paralyse adjacent
                  | enemies. [demonic ancestry]
  2621 | D:2      | Reached XP level 5. HP: 26/43 MP: 5/5
  2714 | D:$      | Got out of the dungeon alive.

Illustrated notes

Levels and vault maps discovered:
D:1:      dpeg_arrival_round_c, layout_loops_ring, palyth_stone_intersect,
          minivault_27, minmay_misc_feat_enclosed
D:2:      layout_loops_ring, basic_altar, uniq_jessica, uniq_crazy_yiuf_cottage,
          uniq_natasha

Skill      XL: |  1  2  3  4 |
---------------+-------------+-----
Stealth        | 2 |  2.0
Long Blades    | 3 |  3.7
Armour         | 1 |  1.5
Dodging        | 3 |  3.2
Fighting       | 4 |  4.0

Action                   |  1- 3 |  4- 6 || total
-------------------------+-------+-------++-------
Melee: Falchion          |   103 |    51 ||   154
       Punch             |     1 |     1 ||     2
 Stab: Sleeping          |     1 |     2 ||     3
       Distracted        |     1 |       ||     1
Armor: Robe              |    26 |     6 ||    32
Dodge: Dodged            |    74 |    28 ||   102

Table legend: (Time is in decaauts)
 A = Elapsed time spent in this place.
 B = Non-inter-level travel time spent in this place.
 C = Inter-level travel time spent in this place.
 D = Time resting spent in this place.
 E = Time spent auto-exploring this place.
 F = Levels seen in this place.
 G = Mean time per level.
                   A        B        C        D        E       F      G
               +--------+--------+--------+--------+--------+-----+--------+
         Total |   2743 |   2621 |    122 |    170 |   2115 |   2 | 1371.5 |
       Dungeon |   2743 |   2621 |    122 |    170 |   2115 |   2 | 1371.5 |
               +--------+--------+--------+--------+--------+-----+--------+

Top non-repeatable levels by time:
     D:2: 1567 daAuts
     D:1: 1175 daAuts
